AoeStats
← Abetterhandle

Coastal Forest

503346673Analyzed
4v4 RM · 1mo ago on Aug 31, 2026· 38m 20s· 8 players
Game mode
Random Map
Map size
Large (8 player)
Population
200
Speed
Normal
Resources
Standard
Victory
Conquest
Starting age
Dark Age
Ending age
Imperial Age
RankedLock teamsTeams togetherTeam positionsShared explorationLock speedFull tech treeHidden civsTurbo modeCheats
Victory
Defeat
🇳🇿 Koreans · New Zealand
929
+20
🇺🇸 Burgundians · United States
911
+21
🇲🇽 Shu · Mexico
908
+21
🇩🇪 Inca · Germany
839
+24
🇧🇷 Burgundians · Brazil
1083
-24
🇨🇿 Aztecs · Czechia
1030
-22
🇷🇺 Ethiopians · Russia
991
-20
🇭🇰 Shu · Hong Kong SAR China
980
-20
TheDarkPhantom87
12:48 Feudal Age
13:20 Double-Bit Axe
14:58 Fishing Lines
20:38 Castle Age
19:39 Horse Collar
20:36 Stone Mining
20:44 Gold Mining
20:55 Pikeman
21:53 Bow Saw
25:32 Heavy Plow
27:02 Stone Shaft Mining
30:23 Imperial Age
28:52 Wheelbarrow
32:53 Elite Kamayuk
34:39 Hand Cart
35:12 Elite Skirmisher
36:21 Fletching
36:32 Padded Archer Armor
36:44 Forging
36:34 Scale Mail Armor
36:59 Conscription
37:06 Thumb Ring
38:03 Squires
37:49 Arson
38:33 Bodkin Arrow
39:17 Ballistics
Bbullet2
5:18 Loom
11:12 Feudal Age
16:12 Castle Age
16:38 Double-Bit Axe
22:37 Horse Collar
24:02 Heavy Plow
25:05 Cavalier
25:45 Husbandry
26:13 Forging
26:23 Scale Barding Armor
26:33 Burgundian Vineyards
27:21 Crop Rotation
30:11 Iron Casting
30:25 Wheelbarrow
31:34 Bow Saw
32:01 Caravan
32:16 Guilds
38:02 Hand Cart
Solod
6:43 Loom
9:46 Feudal Age
11:39 Double-Bit Axe
18:40 Wheelbarrow
18:21 Gold Mining
22:56 Castle Age
20:50 Horse Collar
21:05 Fletching
22:15 Padded Archer Armor
22:58 Crossbowman
25:36 Bodkin Arrow
37:44 Heavy Plow
38:55 Thumb Ring
Abetterhandle
3:03 Loom
11:40 Feudal Age
12:32 Double-Bit Axe
17:46 Castle Age
21:25 Fletching
36:36 Thumb Ring
35:52 Crossbowman
36:58 Ballistics
37:53 Crossbowman
我不知道
11:26 Feudal Age
12:20 Horse Collar
12:30 Double-Bit Axe
15:03 Castle Age
16:51 Loom
17:44 Wheelbarrow
24:57 Fletching
28:51 Imperial Age
27:40 Hand Cart
28:05 Bow Saw
28:59 Gold Mining
29:22 Thumb Ring
29:56 Conscription
29:55 Bodkin Arrow
30:37 Bracer
32:26 Heavy Plow
31:53 Heavy Cavalry Archer
34:27 Two-Man Saw
33:25 Fishing Lines
35:08 Ballistics
36:22 Chemistry
36:46 Gold Shaft Mining
37:58 Padded Archer Armor
38:04 Scale Barding Armor
Hermiona
11:12 Feudal Age
13:46 Wheelbarrow
14:32 Double-Bit Axe
19:25 Castle Age
23:32 Horse Collar
27:03 Heavy Plow
27:17 Bow Saw
27:53 Hand Cart
30:28 Pikeman
31:49 Squires
32:01 Gambesons
31:41 Eagle Warrior
ccpui1203
0:28 Loom
11:07 Feudal Age
13:55 Double-Bit Axe
16:50 Padded Archer Armor
16:41 Fletching
20:49 Horse Collar
30:49 Castle Age
31:57 Wheelbarrow
32:08 Bodkin Arrow
32:28 Leather Archer Armor
32:20 Gold Mining
32:20 Stone Mining
32:43 Bow Saw
33:31 Thumb Ring
32:47 Crossbowman
33:50 Hand Cart
34:45 Heavy Plow
35:42 Gold Shaft Mining
wlwz915964
10:34 Feudal Age
9:49 Double-Bit Axe
12:39 Bow Saw
17:38 Castle Age
15:25 Loom
15:59 Gold Mining
15:52 Horse Collar
16:39 Heavy Plow
18:26 Scale Barding Armor
18:31 Forging
19:28 Crop Rotation
19:01 Cavalier
21:58 Wheelbarrow
22:12 Gold Shaft Mining
22:21 Chain Barding Armor
24:17 Hand Cart
25:29 Iron Casting
25:00 Husbandry
30:12 Two-Man Saw
30:20 Stone Mining
31:48 Stone Shaft Mining
38:47 Imperial Age
36:51 Burgundian Vineyards
Connection lost

Rejoining the realm…

Still unreachable

The connection could not be restored.

Session expired

The server has moved on; the page needs a fresh start.